Map: King's Cove LE

Players

Hupsaiya

  • Race: Protoss Protoss
  • League: Master
  • Spawn Location: 11:00

TheGiantNome - Winner!

  • Race: Zerg Zerg
  • League: Grandmaster
  • Spawn Location: 5:00

VOD

Have the link to the VOD?

Description

Time

  • Played on: Feb. 22, 2019, 11:34 p.m.
  • Length: 1:45
Show
View Real Time Build Order
Export as new Build Order

Hupsaiya Protoss 

Build Orders:  

Get SALT Encoding   

  1  0:00  Probe  
  12  0:06  Probe  
  14  0:18  Pylon  
  14  0:22  Probe  
  15  0:36  Probe  
  15  0:39  Forge  
  16  0:54  Pylon  
  15  1:22  Gateway  
  15  1:28  Probe  
  16  1:38  Pylon  
Show
View Real Time Build Order
Export as new Build Order

TheGiantNome Zerg - Winner!

Build Orders: Pool First 

Get SALT Encoding   

  12  0:01  Drone  
  13  0:13  Overlord  
  13  0:18  Drone  
  14  0:31  Drone x2  
  16  0:43  Spawning Pool  
  16  0:47  Drone  
  16  0:51  Drone  
  17  0:57  Drone  
  21  1:35  Hatchery  
Tags
 
Add a new tag
Caveats
  • Supply blocks, unpowered buildings, or Contaminate may cause inaccurate times.
  • Supply counts are checked every 10 seconds.